 Dungeon Crawl Stone Soup version 0.32-a0-612-g1c984fe9d1 (webtiles) character file.

Game seed: 2198625807591775058

8439 adelrune the Skirmisher (level 11, -22/77 HPs)
             Began as a Coglin Hunter on Mar 4, 2024.
             Was a Priest of Hepliaklqana.
             Annihilated by a very large slime creature (55 damage)
             ... on level 9 of the Dungeon.
             The game lasted 00:21:14 (9545 turns).

adelrune the Skirmisher (Coglin Hunter)             Turns: 9545, Time: 00:21:14

Health: -22/77     AC:  7    Str:  7    XL:     11   Next: 30%
Magic:  11/11      EV: 17    Int: 10    God:    Hepliaklqana [***...]
Gold:   349        SH:  0    Dex: 24    Spells: 8/10 levels left

rFire   . . .        a - +2 sling {Lucius}
rCold   . . .        d - +0 sling {Mei}
rNeg    . . .        h - +0 leather armour {rPois}
rPois   +            y - +2 hat of the Yeti {rCorr Str-4 Dex+3 SInv}
rElec   .            l - scarf {shadows}
rCorr   +            B - +0 pair of gloves
SInv    +            q - +0 pair of boots
Will    .....        (amulet unavailable)
Stlth   ++           (ring unavailable)
HPRegen 0.32/turn    (ring unavailable)
MPRegen 0.12/turn    (no gizmo)

%: no passive effects
@: revving
A: reduced essence, off-hand wielding, slow wielding, warmup strikes, no
jewellery
a: Invent Gizmo, Renounce Religion, Recall Ancestor, Ancestor Identity,
Transference


You were on level 9 of the Dungeon.
You worshipped Hepliaklqana.
Hepliaklqana was most pleased with you.
You visited 2 branches of the dungeon, and saw 11 of its levels.

You collected 515 gold pieces.
You spent 166 gold pieces at shops.

Inventory:

Hand Weapons
 a - a +2 sling (weapon) {Lucius}
 d - a +0 sling (offhand) {Mei}
Missiles
 F - 2 throwing nets
Armour
 h - a +0 leather armour of poison resistance (worn)
 l - a scarf of shadows (worn)
 q - a +0 pair of boots (worn)
 y - the +2 hat of the Yeti (worn) {rCorr Str-4 Dex+3 SInv}
   (You found it on level 5 of the Dungeon)

   Str-4:     It affects your strength (-4).
   Dex+3:     It affects your dexterity (+3).
   SInv:      It lets you see invisible.
   rCorr:     It protects you from acid and corrosion.
 B - a +0 pair of gloves (worn)
 E - a +1 ring mail of positive energy
Wands
 b - a wand of light (10)
 C - a wand of charming (11)
 J - a wand of flame (6)
 K - a wand of mindburst (10)
Scrolls
 c - 2 scrolls of noise {unknown}
 i - 14 scrolls of identify {unknown}
 j - a scroll of revelation {unknown}
 k - 2 scrolls of amnesia {unknown}
 m - a scroll of vulnerability {unknown}
 n - a scroll of silence {unknown}
 o - a scroll of enchant armour {unknown}
 t - a scroll of brand weapon {unknown}
 u - 2 scrolls of enchant weapon {unknown}
 v - 3 scrolls of teleportation
 x - a scroll of summoning {unknown}
 z - 2 scrolls of poison {unknown}
 A - 5 scrolls of fear {unknown}
 G - a scroll of immolation {unknown}
 H - a scroll of blinking {unknown}
 I - a scroll of torment {unknown}
Potions
 e - a potion of might {unknown}
 f - 4 potions of curing {unknown}
 g - 2 potions of heal wounds
 p - 4 potions of brilliance {unknown}
 r - 4 potions of enlightenment {unknown}
 s - a potion of berserk rage {unknown}
 w - 4 potions of degeneration {unknown}
 D - a potion of haste {unknown}


   Skills:
 + Level 8.0 Fighting
 * Level 10.8 Ranged Weapons
 + Level 7.2 Dodging
 - Level 0.7 Stealth
 - Level 7.0 Hexes


You had 8 spell levels left.
You knew the following spells:

 Your Spells              Type           Power      Damage    Failure   Level
a - Jinxbite              Hex            28%        N/A       4%          2

Your spell library contained the following spells:

 Spells                   Type           Power      Damage    Failure   Level
 Ensorcelled Hibernation  Hex/Ice        14%        N/A       21%         2
 Blink                    Tloc           0%         N/A       65%         2
 Lesser Beckoning         Tloc           0%         N/A       65%         2
 Momentum Strike          Conj/Tloc      0%         3d8       65%         2
 Anguish                  Hex/Necr       3%         N/A       80%         4
 Fugue of the Fallen      Necr           0%         N/A       86%         3
 Ozocubu's Armour         Ice            0%         N/A       86%         3
 Passwall                 Erth           0%         N/A       86%         3
 Swiftness                Air            0%         N/A       86%         3
 Metabolic Englaciation   Hex/Ice        3%         N/A       98%         5
 Yara's Violent Unravell  Hex/Alch       3%         3d4       98%         5
 Sculpt Simulacrum        Ice/Alch       0%         N/A       100%        6
 Enfeeble                 Hex            7%         N/A       100%        7


Dungeon Overview and Level Annotations

Branches:
Dungeon (10/15)            Temple (1/1) D:5             Orc (0/2) D:9
   Lair: D:8-11

Altars:
Ashenzari
Cheibriados
Dithmenos
Elyvilon
Fedhas
Gozag
Hepliaklqana
Kikubaaqudgha
Makhleb
Nemelex Xobeh
Okawaru
Qazlal
Ru
Sif Muna
Trog
Uskayaw
Vehumet
Wu Jian
Xom
Yredelemnul
Zin
The Shining One

Shops:
D:4 *   D:6 *

Annotations:
D:9 1 exclusion


Innate Abilities, Weirdness & Mutations

Your life essence is reduced to manifest your ancestor. (-10% HP)
You can wield a second weapon in your off-hand.
It takes a long time for you to wield or remove held weapons.
Your first few attacks do less damage.
You cannot equip rings or amulets.


Message History

You kill the slime creature!
You shoot a sling bullet.
The sling bullet hits the large slime creature.
The large slime creature is moderately wounded.
Two slime creatures merge to form a very large slime creature.
Your Fighting skill increases to level 8!
You shoot a sling bullet.
The sling bullet hits the very large slime creature!
The very large slime creature is severely wounded.
You shoot a sling bullet.
The sling bullet hits the very large slime creature!
The very large slime creature is severely wounded.
There is a stone staircase leading up here.
A very large slime creature splits.
You climb upwards.
Level annotation: 1 exclusion
There is a stone staircase leading down here.
Two slime creatures merge to form a very large slime creature.
The very large slime creature seems less drained.
The very large slime creature attacks as it pursues you!
The very large slime creature closely misses you.
There is an open door here.
The very large slime creature attacks as it pursues you!
The very large slime creature barely misses you.
You see here a yak corpse.
The very large slime creature attacks as it pursues you!
The very large slime creature hits you!!!
Ouch! That really hurt!
You are too injured to fight recklessly!
You are too injured to fight recklessly!
You shoot a sling bullet.
The sling bullet hits the very large slime creature but does no damage.
The very large slime creature is severely wounded.
You shoot a sling bullet.
The sling bullet hits the very large slime creature.
The very large slime creature is severely wounded.
The very large slime creature hits you!!!
Ouch! That really hurt!
You die...
Hepliaklqana delivers you to your ancestors.

#.#.# #.# ######
######.#.###############.# #.....
.......#.#<.)............# #.....
....>....÷..).##############.....
...........................'.....
....).#...###.##############.....
#########.)...## #.....
#####..### #.)... #...@### #.....
#########'#J..## #####.....
#..............## #...######
#..........##...###...######
#..........###.†............
############ ##.############ #.#
####'#### #.......### ###


You could see a very large slime creature.

Vanquished Creatures
  A two-headed ogre (D:8)
  Pikel (D:7)
  An unseen horror (shapeshifter) (D:9)
  Jeremiah (D:8)
  A troll (D:6)
  A hornet (D:8)
  A slime creature (D:10)
  A vampire (D:7)
  5 yaks
  Eustachio (D:6)
  A water moccasin (D:7)
  4 orc warriors
  2 ice beasts
  2 black bears
  5 ogres (D:7)
  4 centaurs
  3 lemures (D:7)
  3 kobold brigands (D:7)
  Blork the orc (D:4)
  A bullfrog (D:7)
  A gnoll sergeant (D:8)
  3 killer bees (D:7)
  9 howler monkeys (D:7)
  4 crimson imps (D:5)
  4 jellies
  A bombardier beetle (D:4)
  6 hounds
  5 orc priests
  A sleepcap (D:6)
  6 gnoll boudas
  4 iguanas
  Natasha (thrice) (D:2)
  11 orc wizards
  Robin (D:4)
  17 gnolls
  12 adders
  A white imp (D:6)
  2 dart slugs
  2 ribbon worms
  21 orcs
  5 bats
  8 endoplasms
  2 giant cockroaches
  13 goblins
  7 hobgoblins
  7 jackals
  4 kobolds
  5 quokkas
  11 ball pythons
  8 frilled lizards
  3 rats
227 creatures vanquished.

Vanquished Creatures (collateral kills)
  A wraith (D:8)
  2 yaks (D:8)
  2 centaurs (D:8)
  A bullfrog (D:7)
  A gnoll sergeant (D:8)
  3 killer bees (D:7)
  An orc priest (D:7)
  A gnoll bouda (D:7)
  4 hounds (D:7)
  6 orc wizards
  A gnoll (D:7)
  A white imp (D:8)
  4 orcs (D:8)
28 creatures vanquished.

Vanquished Creatures (others)
  10 hexers
10 creatures vanquished.

Grand Total: 265 creatures vanquished

Notes
Turn   | Place    | Note
-------+----------+-------------------------------------------
     0 | D:1      | adelrune the Coglin Hunter began the quest for the Orb.
     0 | D:1      | Reached XP level 1. HP: 16/16 MP: 1/1
    95 | D:1      | Reached XP level 2. HP: 22/22 MP: 2/2
   282 | D:1      | Reached skill level 4 in Ranged Weapons
   449 | D:1      | Reached XP level 3. HP: 28/28 MP: 3/3
   849 | D:2      | Noticed Natasha
   855 | D:2      | Killed Natasha
   856 | D:2      | Reached XP level 4. HP: 34/34 MP: 4/4
   892 | D:2      | Noticed Natasha
   899 | D:2      | Killed Natasha
  1062 | D:2      | Noticed Natasha
  1072 | D:2      | Killed Natasha
  1073 | D:2      | Reached XP level 5. HP: 6/41 MP: 5/5
  1407 | D:2      | Found a faded altar of an unknown god.
  1932 | D:3      | Found a basalt altar of Yredelemnul.
  2057 | D:3      | Found a white marble altar of Elyvilon.
  2282 | D:4      | Reached skill level 5 in Ranged Weapons
  2293 | D:4      | Noticed Blork the orc
  2300 | D:4      | Noticed a black bear
  2303 | D:4      | Killed Blork the orc
  2304 | D:4      | Reached XP level 6. HP: 13/47 MP: 6/6
  2440 | D:4      | Found Vutyvel's General Store.
  2452 | D:4      | Bought a scroll of teleportation for 33 gold pieces
  2452 | D:4      | Bought a potion of heal wounds for 55 gold pieces
  2676 | D:4      | Killed a black bear
  2763 | D:4      | Reached XP level 7. HP: 54/54 MP: 7/7
  3114 | D:4      | Reached skill level 6 in Ranged Weapons
  3306 | D:4      | Noticed Robin
  3326 | D:4      | Killed Robin
  3557 | D:5      | Entered Level 5 of the Dungeon
  3594 | D:5      | Identified the +2 hat of the Yeti {rCorr Str-4 Dex+3 SInv}
  3742 | D:5      | Found a staircase to the Ecumenical Temple.
  3748 | Temple   | Entered the Ecumenical Temple
  3770 | Temple   | Became a worshipper of Hepliaklqana the Forgotten
  4048 | D:5      | Found a shimmering altar of Xom.
  4055 | D:5      | Reached XP level 8. HP: 34/61 MP: 8/8
  4059 | D:5      | Reached skill level 7 in Ranged Weapons
  4275 | D:6      | Reached skill level 5 in Fighting
  4629 | D:6      | Found Xisefu's Serpentskin Sales.
  4640 | D:6      | Bought a +0 leather armour of poison resistance for 78 gold
                  | pieces
  4733 | D:6      | Found an ancient bone altar of Kikubaaqudgha.
  4753 | D:6      | Noticed Eustachio
  4761 | D:6      | Killed Eustachio
  4762 | D:6      | Reached skill level 5 in Dodging
  4771 | D:6      | Found a blossoming altar of Fedhas.
  4778 | D:6      | Reached * piety under Hepliaklqana
  4871 | D:6      | Learned a level 2 spell: Jinxbite
  5286 | D:6      | Reached skill level 1 in Hexes
  5316 | D:6      | You fall into a shaft and drop 3 floors!
  5435 | D:8      | Noticed a wraith
  5454 | D:9      | Reached skill level 8 in Ranged Weapons
  5463 | D:9      | Reached XP level 9. HP: 62/62 MP: 7/9
  5502 | D:8      | Noticed a hornet
  5512 | D:8      | Noticed a two-headed ogre
  5516 | D:8      | Killed a hornet
  5718 | D:8      | Reached ** piety under Hepliaklqana
  5719 | D:8      | Remembered your ancestor Fupeosi as a hexer
  6247 | D:7      | Noticed a troll
  6790 | D:7      | Reached skill level 9 in Ranged Weapons
  6860 | D:7      | Reached XP level 10. HP: 69/69 MP: 10/10
  6916 | D:7      | Noticed Pikel
  6932 | D:7      | Killed Pikel
  6933 | D:7      | Reached skill level 5 in Hexes
  7547 | D:6      | HP: 2/71 [troll (5)]
  8072 | D:8      | Reached skill level 10 in Ranged Weapons
  8078 | D:8      | Reached *** piety under Hepliaklqana
  8187 | D:8      | Found a stormy altar of Qazlal.
  8190 | D:8      | Found a glowing golden altar of the Shining One.
  8193 | D:8      | Found an iron altar of Okawaru.
  8194 | D:8      | Noticed Jeremiah
  8202 | D:8      | Killed Jeremiah
  8203 | D:8      | Found a shadowy altar of Dithmenos.
  8213 | D:8      | Found an ornate altar of the Wu Jian Council.
  8285 | D:8      | Killed a two-headed ogre
  8397 | D:8      | Reached XP level 11. HP: 59/75 MP: 11/11
  8781 | D:9      | Identified the +7 short sword "Newtbane" {pain, Dex+2}
  9322 | D:9      | Found a staircase to the Orcish Mines.
  9401 | D:10     | Entered Level 10 of the Dungeon
  9545 | D:9      | Annihilated by a very large slime creature

Illustrated notes

Levels and vault maps discovered:
D:1:      nzn_arrival_depleted_hourglass, layout_basic
D:2:      minmay_skewed_foursquare, layout_basic,
          hellmonk_ecumenical_altar_inner_sanctum, minmay_lizard_pond,
          uniq_natasha
D:3:      layout_loops_ring, kennysheep_ying_yang, kennysheep_crisscross
D:4:      nicolae_BIG_FREAKIN_CUBE, layout_cave_pods, serial_shops,
          nicolae_shop_tiny_waterfront, uniq_blork_the_orc, uniq_robin
D:5:      layout_cave_pools, led_xom_imps, minmay_temple_entry_fiery
D:6:      layout_layer_cave, fedhas_altar_3, lemuel_doored_altar,
          guppyfry_shop_venom, uniq_eustachio
D:7:      lemuel_castle_with_subvaults [lemuel_castle_interior_carwin_3],
          layout_basic, palyth_stone_intersect, minmay_starry_boxes, uniq_pikel
D:8:      layout_basic, nicolae_overflow_hallway_of_the_gods,
          serial_library_regret_index_small_wings, nicolae_grassy_gnolls,
          uniq_jeremiah
D:9:      layout_basic, orc_0_dummy
D:10:     layout_irregular_city, erik_lair_orcish_takeover
Temple:   chequers_temple_sunken

Skill      XL: |  1  2  3  4  5  6  7  8  9 10 11 |
---------------+----------------------------------+-----
Dodging        | 2 3 4 5 6 7 |  7.2
Ranged Weapons | 4 5 6 8 9 10 | 10.8
Fighting       | 3 4 5 6 7 8 |  8.0
Hexes          | 1 4 6 7 |  7.0
Stealth        | |  0.7

Action                     |  1- 3 |  4- 6 |  7- 9 | 10-12 || total
---------------------------+-------+-------+-------+-------++-------
   Fire: Sling             |   128 |   204 |   704 |   566 ||  1602
   Cast: Jinxbite          |       |       |       |     3 ||     3
 Invoke: Recall Ancestor   |       |       |     2 |     2 ||     4
         Ancestor Life: He |       |       |     1 |       ||     1
    Use: Potion            |       |       |     3 |       ||     3
         Scroll            |       |       |     2 |       ||     2
 Armour: Leather armour    |     2 |    31 |    89 |    80 ||   202
  Dodge: Dodged            |     2 |    15 |    96 |   103 ||   216

Table legend: (Time is in decaauts)
 A = Elapsed time spent in this place.
 B = Non-inter-level travel time spent in this place.
 C = Inter-level travel time spent in this place.
 D = Time resting spent in this place.
 E = Time spent auto-exploring this place.
 F = Levels seen in this place.
 G = Mean time per level.
                   A        B        C        D        E       F      G
               +--------+--------+--------+--------+--------+-----+--------+
         Total |   9622 |   9295 |    327 |   1397 |   5730 |  11 |  874.7 |
       Dungeon |   9575 |   9292 |    283 |   1397 |   5730 |  10 |  957.5 |
        Temple |     47 |      3 |     44 |      0 |      0 |   1 |   47.0 |
               +--------+--------+--------+--------+--------+-----+--------+

Top non-repeatable levels by time:
     D:7: 1682 daAuts
     D:6: 1449 daAuts
     D:4: 1198 daAuts
     D:8: 1144 daAuts
     D:3: 851 daAuts
     D:2: 842 daAuts
     D:9: 808 daAuts
     D:5: 808 daAuts
     D:1: 746 daAuts
  Temple: 47 daAuts
    D:10: 44 daAuts
